[Event "Late-Titled-Tuesday-Blitz-January-16-2024"]
[Site "Chess.com"]
[Date "2024.01.16"]
[Round "3"]
[White "Elsa167"]
[Black "Hikaru"]
[Result "0-1"]
[WhiteElo "2850"]
[BlackElo "3234"]
[TimeControl "180+1"]
[EndTime "14:25:50 PST"]
[Termination "Hikaru won by resignation"]

1. d4 g6 2. c4 Bg7 3. e4 d6 4. Nc3 Nd7 5. Nf3 c5 6. Be3 b6 7. Be2 Bb7 8. O-O Ngf6 9. d5 O-O 10. h3 a6 11. Qd2 Re8 12. Rfe1 Qc7 13. a3 e6 14. Bh6 e5 15. Be3 Nh5 16. Rab1 Bc8 17.
b4 Nf8 18. bxc5 bxc5 19. Bd1 f5 20. Ba4 Bd7 21. exf5 gxf5 22. Bxd7 Qxd7 23. Bh6 Ng6 24. Bxg7 Qxg7 25. Qg5 Nhf4 26. Kh1 e4 27. Ng1 Qxc3 28. Qxf5 Qe5 29. Qg4 h5 30. Qd1 Qg5 31. g3 Nd3 32. Re2 Qf5 33. Qd2 e3 34. Rxe3 Nxf2+ 35. Kg2 Rxe3 36.
Qxe3 Qxb1 0-1

[Event "Late-Titled-Tuesday-Blitz-January-16-2024"]
[Site "Chess.com"]
[Date "2024.01.16"]
[Round "3"]
[White "nikitadovbnya2008"]
[Black "ahkashefi2800"]
[Result "0-1"]
[WhiteElo "2231"]
[BlackElo "2558"]
[TimeControl "180+1"]
[EndTime "14:25:51 PST"]
[Termination "ahkashefi2800 won by resignation"]

1. d4 d5 2. c4 c6 3. Nc3 Nf6 4. e3 Bg4 5. f3 Bh5 6. cxd5 cxd5 7. g4 Bg6 8. Qb3 Qd7 9. g5 Ng8 10. Qxd5 e6 11. Qxd7+ Nxd7 12. Nge2 h6 13. gxh6 Nxh6 14. Nf4 Bh7 15. e4 Bb4 16. Be3 O-O-O 17. a3 Ba5 18. b4 Bb6 19. O-O-O Ne5 20. Be2 Nc6 21. Nh5 Nxd4 22. Kb2 Nxe2 23. Bxh6 Rxd1 24. Rxd1 Nxc3 25. Kxc3 gxh6 26. Rg1 Bxg1 0-1

[Event "Late-Titled-Tuesday-Blitz-January-16-2024"]
[Site "Chess.com"]
[Date "2024.01.16"]
[Round "3"]
[White "chessprincesa1"]
[Black "rezamahdavi2008"]
[Result "0-1"]
[WhiteElo "2315"]
[BlackElo "2856"]
[TimeControl "180+1"]
[EndTime "14:25:52 PST"]
[Termination "rezamahdavi2008 won by resignation"]

1. d4 Nf6 2. c4 e6 3. g3 d5 4. Bg2 Bb4+ 5. Nd2 O-O 6. Nf3 dxc4 7. Qc2 Nc6 8. Qxc4 Qd5 9. Qxd5 exd5 10. O-O Bf5 11.
a3 Bd6 12. Nb3 h6 13. Bd2 Ne4 14. Rac1 Rfe8 15. Rfd1 a5 16. Nc5 Nd8 17. Nh4 Bh7 18. Nxe4 Bxe4 19. Bxe4 Rxe4 20. Kf1 Rxd4 21. Nf3 Re4 22.
Be3 c6 23. Nd4 Be5 24. Rd3 Bxd4 25. Bxd4 Ne6 26. Bb6 Ra6 27. Rb3 Rc4 28. Rd1 a4 0-1

[Event "Late-Titled-Tuesday-Blitz-January-16-2024"]
[Site "Chess.com"]
[Date "2024.01.16"]
[Round "3"]
[White "Maect19"]
[Black "chessisveryfun1264"]
[Result "0-1"]
[WhiteElo "2364"]
[BlackElo "2585"]
[TimeControl "180+1"]
[EndTime "14:25:53 PST"]
[Termination "chessisveryfun1264 won by resignation"]

1. Nf3 e6 2. c4 Nf6 3. Nc3 b6 4. e3 Bb7 5. b3 c5 6. Bb2 Be7 7.
Be2 O-O 8. O-O d6 9. d4 cxd4 10. exd4 Nbd7 11. Rc1 a6 12. Qc2 Rc8 13. Qb1 h6 14.
Rfd1 Qc7 15. d5 e5 16. Ne4 Ne8 17. Ng3 g6 18. Bd3 f5 19. Nxf5 gxf5 20. Bxf5 Ng7 21.
Bh3 Rxf3 22. gxf3 Rf8 23. Qg6 Rf6 24. Qg4 Nf8 25. Kh1 Rf4 26. Qg3 Bh4 27. Qg2 Nh7 28. Rg1 Ng5 29. Bg4 Qf7 30. Rce1 h5 31. Bh3 b5 32. Bxe5 dxe5 33. Rxe5 Nxf3 34. Be6 Nxg1 35. Qxg1 bxc4 36. bxc4 Rxc4 37. Bxf7+ Kxf7 38. f4 Rxf4 39. Qb1 Bc8 40. Qb6 Bh3 41. Qc7+ Kg6 42. Qd6+ Kh7 43.
Rxh5+ Nxh5 44. Qd7+ Bxd7 0-1

[Event "Late-Titled-Tuesday-Blitz-January-16-2024"]
[Site "Chess.com"]
[Date "2024.01.16"]
[Round "3"]
[White "Kostukov_Alex"]
[Black "Atousa"]
[Result "0-1"]
[WhiteElo "2308"]
[BlackElo "2476"]
[TimeControl "180+1"]
[EndTime "14:25:53 PST"]
[Termination "Atousa won by resignation"]

1. g3 d5 2. Bg2 Nf6 3. d3 c6 4.
e4 dxe4 5. dxe4 Qxd1+ 6. Kxd1 e5 7. f3 Be6 8. Nd2 Na6 9. Bh3 O-O-O 10. Bxe6+ fxe6 11. Nh3 h6 12. c3 Nc5 13. Ke2 Nd3 14. Nc4 b5 15. Na5 Kc7 16. b4 c5 17. a3 Nxc1+ 18. Raxc1 c4 19. a4 a6 20. axb5 axb5 21. Rhd1 Be7 22. Rxd8 Rxd8 23. Nf2 Nd7 24. f4 exf4 25.
gxf4 Nb6 26. Rg1 g5 27. h4 Na4 28. hxg5 Nxc3+ 29. Kf3 hxg5 30. fxg5 Rf8+ 31. Ke3 Bxb4 32. Ng4 Bc5+ 33. Kd2 Nxe4+ 34. Ke2 Bxg1 0-1

[Event "Late-Titled-Tuesday-Blitz-January-16-2024"]
[Site "Chess.com"]
[Date "2024.01.16"]
[Round "3"]
[White "Actuary44"]
[Black "jk13"]
[Result "0-1"]
[WhiteElo "2489"]
[BlackElo "2687"]
[TimeControl "180+1"]
[EndTime "14:25:56 PST"]
[Termination "jk13 won by checkmate"]

1. e4 e5 2. Nf3 Nc6 3. Bb5 a6 4. Ba4 Nf6 5. d3 b5 6. Bb3 Bc5 7. a4 Rb8 8. axb5 axb5 9. O-O d6 10. h3 O-O 11. Bg5 h6 12. Bh4 Re8 13. Nc3 Be6 14. Bd5 Bxd5 15. Nxd5 g5 16. Nxg5 Nxd5 17. exd5 hxg5 18.
Qg4 Nd4 19. Bxg5 Qc8 20. Qh5 Qf5 21. c3 Ne2+ 22. Kh2 Nf4 23. Qh6 Nxd5 24. Rae1 Qh7 25. Re4 Qxh6 26. Bxh6 f5 27. Rh4 Re6 28. Bd2 Ra8 29. b4 Bb6 30. c4 bxc4 31. dxc4 Ne7 32. f4 Bd4 33. fxe5 dxe5 34. Rh6 Rxh6 35. Bxh6 f4 36. Rd1 Nf5 37. Bg5 Ra2 38. h4 Ne3 39.
Rd3 Rxg2+ 40. Kh3 Rg3+ 41. Kh2 Ng4+ 42. Kh1 Rg1# 0-1

[Event "Late-Titled-Tuesday-Blitz-January-16-2024"]
[Site "Chess.com"]
[Date "2024.01.16"]
[Round "3"]
[White "TanitoluwaAps116"]
[Black "mistrzemi"]
[Result "1-0"]
[WhiteElo "2721"]
[BlackElo "2411"]
[TimeControl "180+1"]
[EndTime "14:25:57 PST"]
[Termination "TanitoluwaAps116 won by resignation"]

1. e4 e6 2. d4 d5 3. exd5 exd5 4. Nf3 Nf6 5. Bd3 Bd6 6. O-O O-O 7. h3 c6 8. Nc3 Nbd7 9. Re1 Qc7 10. Ne2 Re8 11.
b3 Nf8 12. c4 Bb4 13. Bf4 Qa5 14. Rf1 Ne6 15. Be5 Nd7 16. a3 Bf8 17. b4 Qd8 18. cxd5 cxd5 19. Nc3 Nxe5 20. dxe5 g6 21.
Bb5 Bd7 22. Bxd7 Qxd7 23. Nxd5 Kh8 24. Qb3 Red8 25. Rad1 Bg7 26. Nf4 Qc6 27. Nxe6 Qxe6 28. Qxe6 fxe6 29. Ng5 Rxd1 30. Rxd1 h6 31. Nxe6 Bxe5 32.
f4 Re8 33. fxe5 Rxe6 34. Rd8+ Kg7 35. Rd7+ Kg8 36. Rxb7 a6 37. Ra7 Rxe5 38. Rxa6 Re2 39. Rxg6+ 1-0

[Event "Late-Titled-Tuesday-Blitz-January-16-2024"]
[Site "Chess.com"]
[Date "2024.01.16"]
[Round "3"]
[White "annasargsyan_m"]
[Black "Too_Stupid_To_Play"]
[Result "0-1"]
[WhiteElo "2574"]
[BlackElo "2305"]
[TimeControl "180+1"]
[EndTime "14:25:57 PST"]
[Termination "Too_Stupid_To_Play won by resignation"]

1. d4 Nf6 2. c4 e6 3. Nf3 b6 4.
g3 Ba6 5. Qc2 c5 6. Bg2 Bb7 7.
d5 exd5 8. cxd5 Bxd5 9. Nc3 Bb7 10. e4 Be7 11. O-O O-O 12. Bf4 Nc6 13. Rad1 Qc8 14. Nb5 Nb4 15. Qb3 Bxe4 16. Rde1 d5 17. a3 Nd3 18. Nd6 Bxd6 19. Bxd6 Nxe1 20. Rxe1 Re8 21. Rd1 Qc6 22. Bf4 Rad8 23. Ne5 Qe6 24. Bxe4 Nxe4 25. Nf3 d4 26. Qc2 h6 27. Kg2 Qd5 28. h4 Nf6 29. b4 Ng4 30. bxc5 bxc5 31. Rd3 Re7 32.
Kh3 Nf6 33. g4 Rde8 34. Nh2 Re2 35. Qa4 Rxf2 36. Rg3 Ree2 0-1

[Event "Late-Titled-Tuesday-Blitz-January-16-2024"]
[Site "Chess.com"]
[Date "2024.01.16"]
[Round "3"]
[White "giomar27"]
[Black "SEBAZZANO"]
[Result "0-1"]
[WhiteElo "2405"]
[BlackElo "2240"]
[TimeControl "180+1"]
[EndTime "14:25:57 PST"]
[Termination "SEBAZZANO won by resignation"]

1. Nc3 d5 2. d4 e6 3. e4 dxe4 4.
Nxe4 Bd7 5. Ng5 Be7 6. N5f3 Nf6 7. Bd3 Bc6 8. Bg5 Nbd7 9. Qd2 Bxf3 10. Nxf3 c6 11. O-O-O Qc7 12. Rhe1 O-O-O 13. c4 h6 14. Bh4 Bd6 15. Bg3 Bxg3 16. hxg3 Rhe8 17. Qc3 Kb8 18. Ne5 Nxe5 19. dxe5 Ng4 20. f4 Nf2 21. Rd2 Nxd3+ 22. Rxd3 Rxd3 23. Qxd3 Rd8 24. Qe2 Qd7 25. Rd1 Qxd1+ 26. Qxd1 Rxd1+ 27. Kxd1 c5 28. Ke2 Kc7 29. Kf3 a6 30. g4 b5 31. b3 bxc4 32. bxc4 Kb6 33.
f5 Ka5 34. Kf4 Kb4 35. g5 hxg5+ 36. Kxg5 exf5 37. Kxf5 Kxc4 38. g4 Kd5 39. g5 c4 0-1

[Event "Late-Titled-Tuesday-Blitz-January-16-2024"]
[Site "Chess.com"]
[Date "2024.01.16"]
[Round "3"]
[White "Nick12772"]
[Black "OYAcosta"]
[Result "1/2-1/2"]
[WhiteElo "2348"]
[BlackElo "2127"]
[TimeControl "180+1"]
[EndTime "14:25:57 PST"]
[Termination "Game drawn by repetition"]

1. Nf3 d5 2. g3 Nf6 3. Bg2 c6 4. O-O Bf5 5. d4 Nbd7 6. Bf4 e6 7. c3 Ne4 8. Nbd2 Be7 9. Nxe4 Bxe4 10. Qb3 Qb6 11.
Ne5 Nxe5 12. Bxe4 Ng6 13. Bxg6 hxg6 14. h4 c5 15. dxc5 Bxc5 16. Qxb6 Bxb6 17. Be5 O-O 18.
Bd4 Bxd4 19. cxd4 Rac8 20. Rac1 f6 21. Kg2 Kf7 22. Kf3 Ke7 23. Ke3 Kd6 24. Kd2 Rc6 25. Rxc6+ Kxc6 26. Rh1 Rh8 27. Rc1+ Kd7 28. a4 Rc8 29.
Rxc8 Kxc8 30. g4 Kc7 31. b4 Kb6 32. f3 a5 33. b5 Kc7 34. e4 Kd6 35. Ke3 g5 36. h5 e5 37. Kd3 Ke6 38. Ke3 b6 39.
Kd3 Kd6 40. Ke3 Ke6 41. Kd3 Kd6 42. Ke3 Ke6 1/2-1/2

[Event "Late-Titled-Tuesday-Blitz-January-16-2024"]
[Site "Chess.com"]
[Date "2024.01.16"]
[Round "3"]
[White "AmanteDeMoi"]
[Black "AkatsukiLogHorizon"]
[Result "1-0"]
[WhiteElo "2565"]
[BlackElo "2279"]
[TimeControl "180+1"]
[EndTime "14:25:58 PST"]
[Termination "AmanteDeMoi won by resignation"]

1. Nf3 Nf6 2. b3 g6 3. Bb2 Bg7 4. e3 O-O 5. Be2 d5 6. O-O c5 7. c4 dxc4 8. bxc4 b6 9. d4 cxd4 10. exd4 Bb7 11. d5 Nbd7 12. Nbd2 Nc5 13. Nb3 Nxb3 14.
axb3 a5 15. Re1 Rc8 16. Bf1 Nd7 17. Bxg7 Kxg7 18. Qd4+ f6 19. Ng5 Nc5 20. Ne6+ Nxe6 21. Rxe6 Rc5 22. Rae1 Rf7 23. d6 exd6 24. Rxd6 Qc7 25.
Re8 Bc6 26. Ree6 1-0

[Event "Late-Titled-Tuesday-Blitz-January-16-2024"]
[Site "Chess.com"]
[Date "2024.01.16"]
[Round "3"]
[White "JG-17"]
[Black "treadstone_71"]
[Result "1-0"]
[WhiteElo "2468"]
[BlackElo "2269"]
[TimeControl "180+1"]
[EndTime "14:26:03 PST"]
[Termination "JG-17 won by resignation"]

1. d4 Nf6 2. c3 g6 3. Nf3 Bg7 4. g3 O-O 5. Bg2 d5 6. O-O c6 7. a4 Nbd7 8. a5 Re8 9. Bf4 Nh5 10. Be3 e5 11. dxe5 Nxe5 12. Nxe5 Rxe5 13. Nd2 Re8 14.
Qb3 Nf6 15. Bd4 Ne4 16. Nxe4 Bxd4 17. cxd4 dxe4 18. Rfd1 Qc7 19. d5 cxd5 20. Qxd5 Be6 21.
Qxe4 Bb3 22. Qxb7 Qxb7 23. Bxb7 Rab8 24. Rd7 Rxe2 25. a6 Be6 26. Re7 Rxb2 27. Rc1 Rd8 28.
Bg2 Rdd2 29. Rb7 Rxf2 30. Rxb2 Rxb2 31. Rc7 Ra2 32. Rxa7 Bc4 33. Ra8+ Kg7 34. a7 Ra1+ 35. Kf2 Ra2+ 36. Ke3 Rxg2 37. Rg8+ 1-0

[Event "Late-Titled-Tuesday-Blitz-January-16-2024"]
[Site "Chess.com"]
[Date "2024.01.16"]
[Round "3"]
[White "scandalgod"]
[Black "Sic_Transit_GM"]
[Result "1-0"]
[WhiteElo "2514"]
[BlackElo "2672"]
[TimeControl "180+1"]
[EndTime "14:26:04 PST"]
[Termination "scandalgod won by resignation"]

1. d4 Nf6 2. c4 g6 3. Nc3 Bg7 4. e4 O-O 5. f4 d6 6. Nf3 a6 7. Bd3 c5 8. dxc5 dxc5 9. e5 Ng4 10.
O-O Nc6 11. h3 Nh6 12. Be3 b6 13. Be4 Bb7 14. Qe2 Nf5 15. Bxf5 gxf5 16. Rad1 Qb8 17. Nd5 Qa7 18. e6 fxe6 19. Nc7 Rf6 20. Nxa8 Qxa8 21.
Bd2 Rg6 22. Bc3 Nd4 23. Bxd4 Bxd4+ 24. Kh2 Be4 25. Ng5 Rxg5 26. fxg5 Qb8+ 27. g3 Qe5 28. Rf4 Kg7 29. b3 b5 30. Re1 bxc4 31. bxc4 Kg6 32.
h4 Bc3 33. Rxe4 fxe4 34. Qxe4+ Qxe4 35. Rxe4 e5 36. Kg2 Kf5 37. Kf3 Bd4 38. g4+ Ke6 39. Re1 1-0

[Event "Late-Titled-Tuesday-Blitz-January-16-2024"]
[Site "Chess.com"]
[Date "2024.01.16"]
[Round "3"]
[White "ExchangeAB"]
[Black "MeisterJabo"]
[Result "1-0"]
[WhiteElo "2458"]
[BlackElo "2260"]
[TimeControl "180+1"]
[EndTime "14:26:04 PST"]
[Termination "ExchangeAB won by resignation"]

1. d4 Nf6 2. Nf3 e6 3. c3 d5 4. Bf4 Bd6 5. Bxd6 Qxd6 6. e3 O-O 7. Ne5 Nbd7 8. f4 c5 9. Nd2 Ne8 10. Bd3 f6 11. Qh5 f5 12. O-O Nef6 13. Qh4 Ne4 14. Bxe4 dxe4 15. Nxd7 Bxd7 16. Nc4 Qc7 17. Ne5 Bb5 18.
Rfc1 Bd3 19. Qe1 c4 20. b4 a5 21. a3 axb4 22. axb4 b5 23. Rxa8 Rxa8 24. Ra1 Qb7 25.
h3 Ra6 26. Rxa6 Qxa6 27. Qh4 h6 28. Qd8+ Kh7 29. Nf7 e5 30. Qh8+ Kg6 31. Nxe5+ Kf6 32. Qf8+ Ke6 33. Qf7+ Kd6 34. Qg6+ Kc7 35. Qxa6 1-0

[Event "Late-Titled-Tuesday-Blitz-January-16-2024"]
[Site "Chess.com"]
[Date "2024.01.16"]
[Round "3"]
[White "Jbd735"]
[Black "GothamChess"]
[Result "0-1"]
[WhiteElo "2530"]
[BlackElo "2751"]
[TimeControl "180+1"]
[EndTime "14:26:07 PST"]
[Termination "GothamChess won by resignation"]

1. e4 d5 2. exd5 Qxd5 3. Nc3 Qa5 4. Bc4 Nf6 5. d4 Bf5 6. Nf3 e6 7. O-O Bb4 8. Bd2 Nc6 9. a3 Bxc3 10. Bxc3 Qb6 11.
d5 O-O-O 12. Nd4 Nxd5 13. Nxf5 Nxc3 14. Qf3 Nd5 15. Bxd5 Rxd5 16. Nxg7 Qxb2 17. c4 Rg5 18. Rab1 Qxg7 19. Rxb7 Rxg2+ 20. Kh1 Rxh2+ 21. Kxh2 Qh6+ 0-1

[Event "Late-Titled-Tuesday-Blitz-January-16-2024"]
[Site "Chess.com"]
[Date "2024.01.16"]
[Round "3"]
[White "StellarChess"]
[Black "wild3000"]
[Result "1-0"]
[WhiteElo "2585"]
[BlackElo "2370"]
[TimeControl "180+1"]
[EndTime "14:26:08 PST"]
[Termination "StellarChess won by resignation"]

1. d4 Nf6 2. Bg5 Ne4 3. Bf4 d5 4. f3 Nf6 5. e4 dxe4 6. Nc3 e3 7. Bc4 e6 8. Qd3 Nbd7 9. Qxe3 Nb6 10. Bb3 Be7 11. g4 O-O 12. Nge2 Nfd5 13. Nxd5 exd5 14. O-O-O a5 15. a3 a4 16. Ba2 Nc4 17. Bxc4 dxc4 18. h4 Re8 19. Qd2 Bd6 20. Nc3 Bd7 21. g5 Bf5 22. Rde1 Qd7 23. Bxd6 Qxd6 24. h5 Red8 25. h6 Qxd4 26. Re8+ Rxe8 27. Qxd4 f6 28. Qxc4+ Be6 29. Qxc7 Bf7 30. gxf6 g6 31. Rd1 Rec8 32. Qb6 Re8 33.
Rd7 Re6 34. Qxb7 Rf8 35. Nd5 Re1+ 36. Kd2 Re6 37. Qc7 g5 38. Rd8 Ree8 39. Rxe8 Rxe8 40.
Ne7+ Kf8 41. Qe5 g4 42. Qg5 Bg6 43. Nxg6+ hxg6 44. Qxg6 Re2+ 45. Kxe2 gxf3+ 46. Ke3 1-0

[Event "Late-Titled-Tuesday-Blitz-January-16-2024"]
[Site "Chess.com"]
[Date "2024.01.16"]
[Round "3"]
[White "Bigfish1995"]
[Black "GianmarcoVaR"]
[Result "1-0"]
[WhiteElo "3073"]
[BlackElo "2733"]
[TimeControl "180+1"]
[EndTime "14:26:09 PST"]
[Termination "Bigfish1995 won by resignation"]

1. e4 c6 2. Nf3 d5 3. Nc3 dxe4 4.
Nxe4 Nf6 5. Ng3 h5 6. h3 h4 7. Ne2 Ne4 8. d3 Nd6 9. Nc3 Nf5 10. d4 Nd7 11. Bd3 e6 12. O-O Be7 13. d5 Nc5 14. Bxf5 exf5 15. Re1 O-O 16. dxc6 bxc6 17.
Qxd8 Bxd8 18. Bg5 f6 19. Be3 Ne4 20. Bd4 Kf7 21. Nxe4 fxe4 22. Rxe4 Bf5 23. Re2 g5 24. Rae1 Kg6 25. Bc5 Rg8 26. Nd4 Bb6 27. Bxb6 axb6 28. Nxc6 1-0

[Event "Late-Titled-Tuesday-Blitz-January-16-2024"]
[Site "Chess.com"]
[Date "2024.01.16"]
[Round "3"]
[White "Caterpiller35"]
[Black "Igor_Lysyj"]
[Result "0-1"]
[WhiteElo "2629"]
[BlackElo "2869"]
[TimeControl "180+1"]
[EndTime "14:26:14 PST"]
[Termination "Igor_Lysyj won by resignation"]

1. d4 d5 2. Bf4 Nf6 3. e3 Bf5 4. c4 e6 5. Nc3 Nbd7 6. Nf3 Bb4 7.
Qb3 c5 8. cxd5 Nxd5 9. Bb5 Nxf4 10. exf4 O-O 11. O-O Nb6 12. dxc5 Bxc5 13. Rad1 Qe7 14. Rfe1 Bg4 15. Ne4 Rad8 16. h3 Bxf3 17. Qxf3 Bd4 18. b3 Qb4 19. Bd3 g6 20. h4 Bg7 21.
h5 Rd4 22. hxg6 hxg6 23. g3 Rfd8 24. Kg2 R8d5 25. Bc2 Rxd1 26. Rxd1 Rxd1 27. Qxd1 Nd5 28. Qf3 Qd4 29. Ng5 b6 30. Qg4 Qd2 0-1

[Event "Late-Titled-Tuesday-Blitz-January-16-2024"]
[Site "Chess.com"]
[Date "2024.01.16"]
[Round "3"]
[White "arturdailima"]
[Black "olawsson"]
[Result "1-0"]
[WhiteElo "2383"]
[BlackElo "2156"]
[TimeControl "180+1"]
[EndTime "14:26:14 PST"]
[Termination "arturdailima won by resignation"]

1. e4 c5 2. Nf3 a6 3. h3 d6 4. d4 cxd4 5. Nxd4 Nf6 6. Nc3 e5 7. Nf3 Be6 8. g4 h6 9. g5 hxg5 10. Bxg5 Be7 11. Qd2 Nbd7 12. O-O-O Qc7 13. Kb1 Rc8 14.
a3 Qc6 15. Re1 Nc5 16. Bxf6 Bxf6 17. h4 Ke7 18. Ng5 b5 19. Nxe6 fxe6 20. h5 Rh6 21.
Bg2 Rch8 22. Bf3 a5 23. Na2 Ra8 24. Rhg1 Qb7 25. Qc3 Qb6 26. Rd1 Rb8 27. Qe3 b4 28. axb4 axb4 29. Be2 b3 30. cxb3 Qxb3 31. Qxb3 Rxb3 32.
Kc2 Rb4 33. Nc3 Nxe4 34. Ra1 Rb7 35. Nxe4 1-0

[Event "Late-Titled-Tuesday-Blitz-January-16-2024"]
[Site "Chess.com"]
[Date "2024.01.16"]
[Round "3"]
[White "Zampronha1971"]
[Black "protectiago"]
[Result "0-1"]
[WhiteElo "2318"]
[BlackElo "2046"]
[TimeControl "180+1"]
[EndTime "14:26:14 PST"]
[Termination "protectiago won by resignation"]

1. e4 e5 2. Nf3 Nc6 3. d4 exd4 4. Nxd4 Nf6 5. Nxc6 bxc6 6. e5 Qe7 7. Qe2 Nd5 8. c4 Ba6 9. b3 Qh4 10. a3 Rb8 11. g3 Qe7 12. Nd2 g6 13. Bb2 Bg7 14. Bg2 O-O 15. O-O d6 16. Qf3 dxe5 17. cxd5 Bxf1 18.
Nxf1 e4 19. Qe2 Bxb2 20. Qxb2 cxd5 21. Ne3 c6 22. Rc1 Qe6 23. b4 a5 24. Qc3 axb4 25. axb4 Rfc8 26. Nc2 Qd6 27. Nd4 Rxb4 28. Nxc6 Rc4 29.
Qb2 Rxc1+ 30. Qxc1 Qxc6 31. Qg5 Qc1+ 0-1

[Event "Late-Titled-Tuesday-Blitz-January-16-2024"]
[Site "Chess.com"]
[Date "2024.01.16"]
[Round "3"]
[White "Rgoltsman"]
[Black "DonJuan_34"]
[Result "0-1"]
[WhiteElo "2189"]
[BlackElo "2401"]
[TimeControl "180+1"]
[EndTime "14:26:18 PST"]
[Termination "DonJuan_34 won by checkmate"]

1. e4 e6 2. d4 d5 3. Bd3 Be7 4. f4 dxe4 5. Bxe4 Nf6 6. Bf3 c5 7. c3 cxd4 8. cxd4 Nc6 9. Ne2 O-O 10. O-O Bd7 11. Nbc3 Nb4 12. d5 Nbxd5 13. Nxd5 exd5 14. Nd4 Bc5 15. b3 Qb6 16. Bb2 Rfe8 17. Kh1 Ne4 18. a3 a5 19. Rc1 Rac8 20. Qd3 Qh6 21. Bxe4 dxe4 22. Qg3 e3 23. Ne2 Bb5 24. Rfe1 Bb6 25. Rxc8 Rxc8 26. Qg4 Re8 27. Ng3 Qg6 28. Qd1 Bc6 29. f5 Qg5 30. f6 gxf6 31. Qd6 f5 32.
Bf6 Qg6 33. Ne2 Qxg2# 0-1

[Event "Late-Titled-Tuesday-Blitz-January-16-2024"]
[Site "Chess.com"]
[Date "2024.01.16"]
[Round "3"]
[White "sebastianmarinp"]
[Black "Emp3rador"]
[Result "0-1"]
[WhiteElo "2445"]
[BlackElo "2624"]
[TimeControl "180+1"]
[EndTime "14:26:19 PST"]
[Termination "Emp3rador won by resignation"]

1. d4 d5 2. c4 c6 3. Nc3 Nf6 4. Nf3 dxc4 5. a4 Bf5 6. Ne5 Nbd7 7. Nxc4 Qc7 8. g3 e5 9. dxe5 Nxe5 10. Bf4 Nfd7 11.
Bg2 g5 12. Bxe5 Nxe5 13. Ne3 Be6 14. h4 gxh4 15. Rxh4 Be7 16. Rd4 Bc5 17. Re4 f5 18. Rh4 Bxe3 19. fxe3 Ng4 20. Rxg4 fxg4 21. Ne4 Rd8 22. Qc2 O-O 23. Qc3 Qg7 24. Qc5 Qxb2 25. Rd1 Rxd1+ 26. Kxd1 Rd8+ 27. Ke1 Qa1+ 28. Kf2 Rf8+ 0-1

[Event "Late-Titled-Tuesday-Blitz-January-16-2024"]
[Site "Chess.com"]
[Date "2024.01.16"]
[Round "3"]
[White "SanchezKelvin"]
[Black "Javylavilla"]
[Result "1-0"]
[WhiteElo "2581"]
[BlackElo "2347"]
[TimeControl "180+1"]
[EndTime "14:26:20 PST"]
[Termination "SanchezKelvin won by checkmate"]

1. e4 c5 2. Nf3 d6 3. Nc3 Nc6 4.
d4 cxd4 5. Nxd4 Nf6 6. Bg5 Bd7 7. f4 Rc8 8. Nb3 h6 9. Bh4 e6 10. Qf3 Be7 11. O-O-O a6 12. Be2 b5 13. Rhe1 Qb6 14.
Bf2 Qc7 15. Kb1 b4 16. Nd5 exd5 17. exd5 Na5 18. Nxa5 Qxa5 19. Bf1 Kf8 20. Bd4 Bg4 21. Qe3 Nxd5 22. Qg3 Nc3+ 23. Bxc3 bxc3 24. Qxg4 Rb8 25. Bc4 Rxb2+ 26. Ka1 Rb8 27. Rb1 Rxb1+ 28. Rxb1 g6 29. Qd7 Bf6 30. Qxf7# 1-0

[Event "Late-Titled-Tuesday-Blitz-January-16-2024"]
[Site "Chess.com"]
[Date "2024.01.16"]
[Round "3"]
[White "Sebastian"]
[Black "aa175"]
[Result "1-0"]
[WhiteElo "2965"]
[BlackElo "2674"]
[TimeControl "180+1"]
[EndTime "14:26:22 PST"]
[Termination "Sebastian won by resignation"]

1. e4 e5 2. Nf3 Nf6 3. Nxe5 d6 4. Nf3 Nxe4 5. Nc3 Nxc3 6. dxc3 Be7 7. Be3 Nd7 8. Qd2 O-O 9. O-O-O Nf6 10. Bd3 d5 11.
Rhe1 Bg4 12. h3 Bxf3 13. gxf3 Re8 14. Rg1 Qd6 15. h4 Bf8 16. Rg2 g6 17. h5 Nxh5 18. Rh1 Nf6 19. Bh6 Bxh6 20. Qxh6 Re7 21. f4 Rae8 22. Rgg1 Qb6 23. Qh4 Nh5 24. f5 Re5 25. a3 Kh8 26. Kb1 Qf6 27. Qh2 c5 28. f4 Re3 29. fxg6 fxg6 30. f5 Rxd3 31. fxg6 Rde3 32. Qxh5 R3e7 33. g7+ 1-0

[Event "Late-Titled-Tuesday-Blitz-January-16-2024"]
[Site "Chess.com"]
[Date "2024.01.16"]
[Round "3"]
[White "Redzishchess"]
[Black "albi1999"]
[Result "1-0"]
[WhiteElo "2469"]
[BlackElo "2607"]
[TimeControl "180+1"]
[EndTime "14:26:26 PST"]
[Termination "Redzishchess won by resignation"]

1. d4 Nf6 2. Nc3 d6 3. e4 Nc6 4. Bg5 e5 5. Nge2 Be7 6. Bxf6 Bxf6 7. d5 Ne7 8. Rg1 h5 9. Qd3 Bg5 10. g3 Ng6 11. h4 Bh6 12. Nd1 c5 13. Ne3 O-O 14.
O-O-O Bd7 15. Kb1 b5 16. Nf5 Bxf5 17. exf5 Ne7 18. f6 gxf6 19. g4 Kh8 20. g5 fxg5 21. hxg5 Bg7 22. Rh1 Ng6 23. Rxh5+ Kg8 24. Ng3 c4 25. Qe4 Qb6 26. Nf5 Rfe8 27. Bh3 Qxf2 28. Rf1 Qd2 29. Nxg7 Kxg7 30. Rxf7+ Kxf7 31. Rh7+ Kf8 32. Qf5+ 1-0

[Event "Late-Titled-Tuesday-Blitz-January-16-2024"]
[Site "Chess.com"]
[Date "2024.01.16"]
[Round "3"]
[White "pirulillo"]
[Black "argentum049"]
[Result "0-1"]
[WhiteElo "2269"]
[BlackElo "2500"]
[TimeControl "180+1"]
[EndTime "14:26:27 PST"]
[Termination "argentum049 won on time"]

1. e4 e6 2. d3 d5 3. Nd2 Nf6 4. Ngf3 g6 5. g3 Bg7 6. Bg2 O-O 7. O-O c5 8. Re1 Nc6 9. Qe2 a5 10. a4 b6 11. exd5 exd5 12. c3 Ba6 13. Bf1 Re8 14. Qd1 Rxe1 15. Qxe1 Qd7 16. Nb3 Re8 17. Qd1 Qf5 18. Bf4 h6 19. d4 Bxf1 20. Kxf1 c4 21.
Nc1 g5 22. Bd2 Ne4 23. Be1 Bf6 24. Kg2 h5 25. b3 g4 26. Ng1 h4 0-1

[Event "Late-Titled-Tuesday-Blitz-January-16-2024"]
[Site "Chess.com"]
[Date "2024.01.16"]
[Round "3"]
[White "RianKapriaga"]
[Black "TheMagician"]
[Result "1-0"]
[WhiteElo "2380"]
[BlackElo "2152"]
[TimeControl "180+1"]
[EndTime "14:26:30 PST"]
[Termination "RianKapriaga won on time"]

1. d4 Nf6 2. Nf3 d5 3. Bf4 Nh5 4. Bg5 h6 5. Bh4 g5 6. Bg3 Nxg3 7. hxg3 Bg7 8. e3 Bg4 9. Be2 Bxf3 10. Bxf3 c6 11.
c3 e6 12. Nd2 Nd7 13. Qe2 f5 14. Qd1 g4 15. Be2 h5 16. Qc2 h4 17. gxh4 Rxh4 18.
O-O-O Qf6 19. c4 Rxh1 20. Rxh1 Ke7 21. Qa4 c5 22. Qa3 Kf7 23. cxd5 exd5 24. dxc5 Qe7 25. Nb3 Rc8 26. Kb1 Nxc5 27. Rc1 b6 28. Nd4 Bxd4 29.
exd4 Qxe2 30. dxc5 Rxc5 31. Qxa7+ Kg8 32. Rxc5 1-0

[Event "Late-Titled-Tuesday-Blitz-January-16-2024"]
[Site "Chess.com"]
[Date "2024.01.16"]
[Round "3"]
[White "Anna20240"]
[Black "Mikhail_Golubev"]
[Result "0-1"]
[WhiteElo "1015"]
[BlackElo "2537"]
[TimeControl "180+1"]
[EndTime "14:26:32 PST"]
[Termination "Mikhail_Golubev won by resignation"]

1. e4 g6 2. d4 Bg7 3. c4 d6 4. Nc3 Nc6 5. Nf3 Bg4 6. Be3 e5 7. d5 Nd4 8. Be2 Bxf3 9. Bxf3 Ne7 10.
Bxd4 exd4 11. Nb5 c6 12. Nxd4 Qb6 13. Nb3 Bxb2 14. Rb1 Bc3+ 15. Nd2 Bxd2+ 16. Ke2 Qa6 17.
Qxd2 Qxc4+ 18. Ke1 cxd5 19. exd5 O-O 20. Be2 Qxd5 21. Qxd5 Nxd5 22. Rxb7 Rfb8 23. Rxb8+ Rxb8 24. Kd2 Rb2+ 25. Ke1 Rb1+ 26. Bd1 Nc3 27. Kd2 Rxd1+ 28. Rxd1 Nxd1 29. Kxd1 Kf8 30. Kd2 Ke7 31. Kd3 d5 32.
Kd4 Kd6 33. a4 a5 34. g4 g5 35. h3 h6 36. f3 f6 37. Kd3 Ke5 38. Ke3 d4+ 39. Kd3 Kd5 0-1